 Dungeon Crawl Stone Soup version 0.30-a0-622-gddc90eaa04 (webtiles) character file.

Game seed: 5120808924582432338

148 themarg the Insei (level 5, -3/41 HPs)
             Began as a Gnoll Transmuter on Jan 11, 2023.
             Shot with an arrow by a centaur (8 damage)
             ... on level 4 of the Dungeon.
             The game lasted 00:06:05 (2749 turns).

themarg the Insei (Gnoll Transmuter)                Turns: 2749, Time: 00:06:06

Health: -3/41      AC:  2    Str:  9    XL:     5   Next: 30%
Magic:  9/12       EV: 22    Int: 14    God:
Gold:   210        SH:  0    Dex: 18    Spells: 8/14 levels left

rFire   . . .      SeeInvis .      - Unarmed
rCold   . . .      Faith    .    (shield currently unavailable)
rNeg    . . .      Spirit   .    (body armour currently unavailable)
rPois   x          Reflect  .    (helmet currently unavailable)
rElec   .          Harm     .    (cloak currently unavailable)
rCorr   .          Rampage  .    (gloves currently unavailable)
Will    .....                    (boots currently unavailable)
Stlth   ++                       (no amulet)
HPRegen 0.26/turn                (no ring)
MPRegen 0.13/turn                (no ring)

@: spider-form (expiring)
A: venomous fangs, tiny, (fangs 1), strong nose, distributed training
a: End Transformation


You were on level 4 of the Dungeon.
You were a venomous arachnid creature.
You visited 1 branch of the dungeon, and saw 4 of its levels.

You collected 210 gold pieces.

Inventory:

Missiles
 d - 37 stones
 e - 3 poisoned darts
Armour
 a - a +0 robe (melded)
 i - a +0 pair of boots (melded)
 m - the +1 leather armour "Juiti" {Stlth+}
   (You found it on level 2 of the Dungeon)

   Stlth:     It makes you more stealthy.
Jewellery
 f - an amulet of faith
Scrolls
 g - 3 scrolls of teleportation
 h - a scroll of enchant armour {unknown}
 j - a scroll of immolation {unknown}
 k - 2 scrolls of blinking {unknown}
 l - a scroll of enchant weapon {unknown}
 p - a scroll of noise {unknown}
 r - 2 scrolls of vulnerability {unknown}
Potions
 b - 2 potions of lignification
 c - 2 potions of attraction
 n - a potion of heal wounds
 o - 2 potions of berserk rage
 q - a potion of magic {unknown}
 s - a potion of might {unknown}


   Skills:
 + Level 3.0 Fighting
 + Level 1.5 Short Blades
 + Level 1.5 Long Blades
 + Level 1.5 Axes
 + Level 1.5 Maces & Flails
 + Level 1.5 Polearms
 + Level 1.5 Staves
 + Level 1.5 Ranged Weapons
 + Level 1.5 Throwing
 + Level 1.5 Armour
 + Level 4.8 Dodging
 + Level 1.5 Stealth
 + Level 1.5 Shields
 + Level 6.7 Unarmed Combat
 + Level 5.2 Spellcasting
 + Level 1.2 Conjurations
 + Level 1.2 Hexes
 + Level 1.2 Summonings
 + Level 1.2 Necromancy
 + Level 1.2 Translocations
 + Level 4.0 Transmutations
 + Level 1.2 Fire Magic
 + Level 1.2 Ice Magic
 + Level 1.2 Air Magic
 + Level 1.2 Earth Magic
 + Level 1.2 Poison Magic
 + Level 1.7 Invocations
 + Level 1.5 Evocations


You had 8 spell levels left.
You knew the following spells:

 Your Spells              Type           Power      Damage    Failure   Level
a - Beastly Appendage     Tmut           28%        N/A       11%         1
b - Wereblood             Tmut           14%        N/A       14%         2
c - Spider Form           Tmut/Pois      10%        N/A       38%         3

Your spell library contained the following spells:

 Spells                   Type           Power      Damage    Failure   Level
 Ice Form                 Ice/Tmut       10%        N/A       73%         4


Dungeon Overview and Level Annotations

Branches:
Dungeon (4/15)
 Temple: D:4-7

Altars:

Annotations:
D:3 2 runed translucent doors, bchevrier's ghost, amateur GnWn


Innate Abilities, Weirdness & Mutations

You are a venomous arachnid creature.
You have venomous fangs.
You are tiny and dextrous.
Your spellcasting is less reliable in this form.
Your armour is entirely melded.
You are incapable of wielding weapons or throwing items.
((You have very sharp teeth.))
Your uncanny sense of smell can sniff out nearby items.
Your experience applies equally to all skills.


Message History

You kill the ufetubus!
Your Transmutations skill increases to level 4!
Your transformation is almost over.
Your transformation has ended.
Your +0 pair of boots unmelds from your body.
Your +0 robe unmelds from your body.
HP restored.
j - a scroll labelled JIMAGO NIURIPP
s - a fuming green potion You open the door.
There is an open door here.
There is a shaft here.
You open the door.
Found a quarterstaff.
There is an open door here.
A centaur comes into view.
Found 7 gold pieces.
The centaur wields a +0 shortbow.
The centaur shoots an arrow.
The arrow hits you!
The spell is quite dangerous to miscast (19% risk of failure)!
Continue anyway?
You turn into a venomous arachnid creature.
Your +0 pair of boots melds into your body.
Your +0 robe melds into your body.
The centaur shoots an arrow.
The arrow completely misses you.
The centaur shoots an arrow.
The arrow misses you.
You hear a shout!
Your transformation is almost over.
You hear a shout!
The centaur shoots an arrow.
The arrow hits you!
* * * LOW HITPOINT WARNING * * *
The centaur shoots an arrow.
The arrow hits you!
* * * LOW HITPOINT WARNING * * *
An orc comes into view. It is wielding a +0 mace.
Found 6 stones.
The centaur shoots an arrow.
The arrow closely misses you.
A quokka comes into view.
An orc comes into view.
It is wielding a +2 hand axe of draining.
The orc shouts!
An orc priest comes into view. It is wielding a +0 flail.
The orc priest shouts!
You hear a shout!
The centaur shoots an arrow.
The arrow hits you!
You die...

. # .oo( ...# #.#
.or# ..#
######### ..$####
### .......#
....... ...
#...##.###.......
###
#...##...........
#...##...s.c.....
#...##...........
#...)............
#..........##....
#..........# ...
#####
##'#.......# ∆ ..
....# #.######.##
. ....#####.# #.#
....^.....# .#


You could see a centaur, an orc priest, 2 orcs and a quokka.

Vanquished Creatures
  Terence (D:2)
  4 adders
  An ufetubus (D:4)
  2 worms (D:2)
  A dart slug (D:3)
  4 endoplasms
  5 giant cockroaches
  4 hobgoblins
  5 jackals (D:1)
  5 kobolds (D:1)
  6 quokkas
  13 ball pythons
  6 bats
  3 frilled lizards
  6 goblins
  7 rats
73 creatures vanquished.

Notes
Turn   | Place    | Note
-------+----------+-------------------------------------------
     0 | D:1      | themarg the Gnoll Transmuter began the quest for the Orb.
     0 | D:1      | Reached XP level 1. HP: 17/17 MP: 6/6
     2 | D:1      | Noticed an armataur
     2 | D:1      | Noticed a meteoran
     4 | D:1      | Noticed a merfolk
     4 | D:1      | Noticed a spriggan
     6 | D:1      | Noticed an ogre
     6 | D:1      | Noticed a felid
     8 | D:1      | Noticed a formicid
     8 | D:1      | Noticed an octopode
    10 | D:1      | Noticed a vampire
    10 | D:1      | Noticed a naga
    12 | D:1      | Noticed a tengu
    12 | D:1      | Noticed a troll
    14 | D:1      | Noticed a demonspawn
    14 | D:1      | Noticed a demigod
    16 | D:1      | Noticed a minotaur
    16 | D:1      | Noticed a gargoyle
    18 | D:1      | Noticed a vine stalker
    18 | D:1      | Noticed a human
    22 | D:1      | Noticed an elf
    24 | D:1      | Noticed a draconian
    26 | D:1      | Noticed a gargoyle
    96 | D:1      | Reached XP level 2. HP: 21/23 MP: 5/7
    99 | D:1      | Learned a level 2 spell: Wereblood
   415 | D:1      | Reached skill level 5 in Spellcasting
   415 | D:1      | Reached XP level 3. HP: 28/28 MP: 6/9
   419 | D:1      | Learned a level 3 spell: Spider Form
   899 | D:2      | Reached skill level 1 in Invocations
   973 | D:2      | Noticed Terence
   984 | D:2      | Killed Terence
   985 | D:2      | Reached skill level 1 in Short Blades
   985 | D:2      | Reached skill level 1 in Long Blades
   985 | D:2      | Reached skill level 1 in Axes
   985 | D:2      | Reached skill level 1 in Maces & Flails
   985 | D:2      | Reached skill level 1 in Polearms
   985 | D:2      | Reached skill level 1 in Staves
   985 | D:2      | Reached skill level 1 in Ranged Weapons
   985 | D:2      | Reached skill level 1 in Throwing
   985 | D:2      | Reached skill level 1 in Armour
   985 | D:2      | Reached skill level 1 in Stealth
   985 | D:2      | Reached skill level 1 in Shields
   985 | D:2      | Reached skill level 1 in Evocations
   985 | D:2      | Reached XP level 4. HP: 34/34 MP: 7/11
  1015 | D:2      | Reached skill level 1 in Conjurations
  1015 | D:2      | Reached skill level 1 in Hexes
  1015 | D:2      | Reached skill level 1 in Summonings
  1015 | D:2      | Reached skill level 1 in Necromancy
  1015 | D:2      | Reached skill level 1 in Translocations
  1015 | D:2      | Reached skill level 1 in Fire Magic
  1015 | D:2      | Reached skill level 1 in Ice Magic
  1015 | D:2      | Reached skill level 1 in Air Magic
  1015 | D:2      | Reached skill level 1 in Earth Magic
  1015 | D:2      | Reached skill level 1 in Poison Magic
  1218 | D:2      | Identified the +1 leather armour "Juiti" {Stlth+}
  1680 | D:2      | Reached XP level 5. HP: 40/40 MP: 8/12
  1950 | D:3      | Found a large runed translucent door.
  1950 | D:3      | Found a large runed translucent door.
  1955 | D:3      | Noticed bchevrier's ghost (amateur GnWn)
  2744 | D:4      | Noticed a centaur
  2749 | D:4      | Shot with an arrow by a centaur

Illustrated notes

Levels and vault maps discovered:
D:1:      kb_arrival_jail, layout_basic, dreamdust_wishing_well, minmay_ruptured
D:2:      layout_basic, serial_curves, eino_curves_04, eino_curves_04,
          eino_curves_04, minivault_25, chequers_serial_rivers_small_3,
          uniq_terence
D:3:      layout_basic, ebering_ghost_disaster_area
D:4:      layout_basic, mainiacjoe_overflow_paths, temple_statues

Skill      XL: |  1  2  3  4  5 |
---------------+----------------+-----
Spellcasting   | 5 |  5.2
Invocations    | 1 |  1.7
Short Blades   | 1 |  1.5
Long Blades    | 1 |  1.5
Axes           | 1 |  1.5
Maces & Flails | 1 |  1.5
Polearms       | 1 |  1.5
Staves         | 1 |  1.5
Ranged Weapons | 1 |  1.5
Throwing       | 1 |  1.5
Armour         | 1 |  1.5
Stealth        | 1 |  1.5
Shields        | 1 |  1.5
Evocations     | 1 |  1.5
Conjurations   | 1 |  1.2
Hexes          | 1 |  1.2
Summonings     | 1 |  1.2
Necromancy     | 1 |  1.2
Translocations | 1 |  1.2
Fire Magic     | 1 |  1.2
Ice Magic      | 1 |  1.2
Air Magic      | 1 |  1.2
Earth Magic    | 1 |  1.2
Poison Magic   | 1 |  1.2
Fighting       | 3 |  3.0
Transmutations | 4 |  4.0
Dodging        | |  4.8
Unarmed Combat | |  6.7

Action                   |  1- 3 |  4- 6 || total
-------------------------+-------+-------++-------
Melee: Unarmed           |    70 |    62 ||   132
       Headbutt          |    13 |       ||    13
       Kick              |     6 |       ||     6
       Bite              |     3 |       ||     3
       Punch             |     2 |       ||     2
 Cast: Beastly Appendage |    18 |     2 ||    20
       Wereblood         |     1 |       ||     1
       Spider Form       |     1 |    22 ||    23
  Use: Scroll            |       |     4 ||     4
 Stab: Sleeping          |       |     2 ||     2
Armor: Robe              |    14 |       ||    14
       Skin              |       |     1 ||     1
Dodge: Dodged            |    41 |    61 ||   102

Table legend: (Time is in decaauts)
 A = Elapsed time spent in this place.
 B = Non-inter-level travel time spent in this place.
 C = Inter-level travel time spent in this place.
 D = Time resting spent in this place.
 E = Time spent auto-exploring this place.
 F = Levels seen in this place.
 G = Mean time per level.
                   A        B        C        D        E       F      G
               +--------+--------+--------+--------+--------+-----+--------+
         Total |   2735 |   2693 |     42 |      0 |   2232 |   4 |  683.8 |
       Dungeon |   2735 |   2693 |     42 |      0 |   2232 |   4 |  683.8 |
               +--------+--------+--------+--------+--------+-----+--------+

Top non-repeatable levels by time:
     D:2: 923 daAuts
     D:1: 889 daAuts
     D:3: 803 daAuts
     D:4: 118 daAuts
